 Dungeon Crawl Stone Soup version 0.24.0-1-gfbc8707122 (webtiles) character file.

Game seed: 13265518652757224382, levelgen mode: deterministic

55 Nivan the Conjurer (level 3, -1/26 HPs)
             Began as a Draconian Conjurer on Oct 28, 2019.
             Slain by a goblin
             ... wielding a +0 club
              (2 damage)
             ... on level 2 of the Dungeon.
             The game lasted 00:05:36 (1486 turns).

Nivan the Conjurer (Draconian Conjurer)             Turns: 1486, Time: 00:05:36

Health: -1/26      AC:  6    Str: 10    XL:     3   Next: 67%
Magic:  2/6        EV: 12    Int: 16    God:
Gold:   34         SH:  0    Dex: 11    Spells: 3/6 levels left

rFire    . . .     SeeInvis .   e - +0 flail
rCold    . . .     Gourm    .   (no shield)
rNeg     . . .     Faith    .   (armour unavailable)
rPois    .         Spirit   .   (helmet restricted)
rElec    .         Reflect  .   (no cloak)
rCorr    .         Harm     .   (no gloves)
MR       .....                  d - +0 pair of boots
Stlth    +.........             (no amulet)
HPRegen  0.08/turn              (no ring)
MPRegen  0.10/turn              (no ring)

@: confused
A: unfitting armour, cold-blooded, AC +5
a: no special abilities


You were on level 2 of the Dungeon.
You were hungry.

You visited 1 branch of the dungeon, and saw 2 of its levels.

You collected 34 gold pieces.

Inventory:

Hand Weapons
 e - a +0 flail (weapon)
Armour
 d - a +0 pair of boots (worn)
Scrolls
 c - 2 scrolls of teleportation {unknown}
 h - 3 scrolls of enchant weapon {unknown}
Potions
 a - a potion of cancellation {unknown}
 f - a potion of heal wounds {unknown}
 g - a potion of brilliance {unknown}
 i - a potion of resistance {unknown}
 j - a potion of flight {unknown}
Comestibles
 b - 4 rations


   Skills:
 + Level 0.1 Fighting
 + Level 2.0 Dodging
 + Level 2.0 Stealth
 + Level 2.2 Spellcasting
 + Level 5.0 Conjurations


You had 3 spell levels left.
You knew the following spells:

 Your Spells              Type           Power        Failure   Level  Hunger
a - Magic Dart            Conj           ###.         2%          1    #......
b - Searing Ray           Conj           ###...       3%          2    ###....

Your spell library contained the following spells:

 Spells                   Type           Power        Failure   Level  Hunger
 Dazzling Spray           Conj/Hex       #.....       22%         3    ###....
 Iskenderun's Mystic Bla  Conj           ###.....     26%         4    #####..
 Force Lance              Conj/Tloc      #.......     56%         4    #####..
 Fulminant Prism          Conj/Hex       #.........   56%         4    #####..


Dungeon Overview and Level Annotations

Branches:
Dungeon (2/15)

Altars:
Trog

Annotations:
D:2 Sigmund


Innate Abilities, Weirdness & Mutations

Your plain brown scales are hard. (AC +5)
You cannot fit into any form of body armour.
You are cold-blooded and may be slowed by cold attacks.


Message History

Sigmund casts a spell.
Sigmund flickers and vanishes!
Deactivating autopickup; reactivate with Ctrl-A.
Something hits you.
You closely miss something. The goblin hits you but does no damage.
You completely miss something.
You hear some strange, mumbled words.
Something tries to affect you, but you resist.
The goblin barely misses you.
You hear some strange, mumbled words.
A magic dart appears from out of thin air!
The magic dart hits you.
You hit something but do no damage. The goblin misses you.
You hear some strange, mumbled words.
A magic dart appears from out of thin air!
The magic dart hits you. The goblin hits you but does no damage.
You bump into the rock wall.
Something hits you!
* * * LOW HITPOINT WARNING * * *
The goblin hits you with a +0 club.
You die...

....##.## #.
..## #
....##..### .##
#...
#######...#
..##...
###.#####.#.)#
#.....#.#.##
#####......#
###....##.##
#####..[..[..
###...{@#####..
###...###g#
##..<### #.# ##
#..###
#........ .#
###.##
##..##### .##
#...# ..#
..###.#######.
...
..............
##..
#.##..########
##.


You could see a goblin.

Vanquished Creatures
  An adder (D:2)
  A gnoll (D:1)
  An ooze (D:1)
  A dart slug (D:1)
  A giant cockroach (D:1)
  A goblin (D:2)
  5 hobgoblins
  5 bats (D:1)
  8 frilled lizards (D:1)
  3 kobolds (D:2)
  7 rats
34 creatures vanquished.

Notes
Turn   | Place    | Note
-------+----------+-------------------------------------------
     0 | D:1      | Nivan the Draconian Conjurer began the quest for the Orb.
     0 | D:1      | Reached XP level 1. HP: 14/14 MP: 3/3
   134 | D:1      | Reached XP level 2. HP: 1/20 MP: 0/5
   610 | D:1      | Reached XP level 3. HP: 26/26 MP: 2/6
  1092 | D:2      | Found a bloodstained altar of Trog.
  1212 | D:2      | Reached skill level 5 in Conjurations
  1296 | D:2      | Noticed Sigmund
  1303 | D:2      | Learned a level 2 spell: Searing Ray
  1486 | D:2      | HP: 1/26 [something (10)]
  1486 | D:2      | Slain by a goblin

Levels and vault maps discovered:
D:1:      psy_arrival_fountain, layout_loops_ring, minmay_lizard_pond
D:2:      layout_rooms, lemuel_zombie_altar_yredelemnul, bloody_trog,
          uniq_sigmund

Skill      XL: |  1  2  3 |
---------------+----------+-----
Dodging        | 2 |  2.0
Stealth        | 2 |  2.0
Conjurations   | 5 |  5.0
Fighting       | |  0.1
Spellcasting   | |  2.2

Action                   || total
-------------------------++-------
Melee: Unarmed           ||    24
       Tailslap          ||     3
       Flail             ||    13
 Cast: Magic Dart        ||    66
       Searing Ray       ||     1
  Eat: Chunk             ||     2
Armor: Skin              ||    22
Dodge: Dodged            ||    33
